 Dungeon Crawl Stone Soup version 0.30.1-4-g462c640d31 (webtiles) character file.

Game seed: 16713123741096073472

31 spardeous the Conjurer (level 2, 20/20 HPs)
             Began as a Demigod Conjurer on Aug 12, 2023.
             Got out of the dungeon alive.
             The game lasted 00:00:53 (1150 turns).

spardeous the Conjurer (Demigod Conjurer)           Turns: 1150, Time: 00:00:54

Health: 20/20      AC:  3    Str:  8    XL:     2   Next: 90%
Magic:  8/8        EV: 12    Int: 20    God:
Gold:   75         SH:  0    Dex: 12    Spells: 4/5 levels left

rFire   . . .        (no weapon)
rCold   . . .        (no shield)
rNeg    . . .        a - +1 robe
rPois   .            (no helmet)
rElec   .            (no cloak)
rCorr   .            (no gloves)
SInv    .            (no boots)
Will    .....        (no amulet)
Stlth   ++           (no ring)
HPRegen 0.23/turn    (no ring)
MPRegen 0.11/turn

%: no passive effects
@: no status effects
A: high MP 1, forlorn, divine attributes
a: no special abilities


You escaped.
You visited 1 branch of the dungeon, and saw 1 of its levels.

You collected 75 gold pieces.

Inventory:

Armour
 a - a +1 robe (worn)
Scrolls
 f - a scroll of enchant weapon
Potions
 b - a potion of magic
 g - 2 potions of curing {unknown}
 l - a potion of brilliance {unknown}
 m - a potion of degeneration {unknown}


   Skills:
 - Level 1.7 Dodging
 - Level 1.7 Stealth
 + Level 2.4 Spellcasting
 + Level 4.1 Conjurations


You had 4 spell levels left.
You knew the following spells:

 Your Spells              Type           Power      Damage    Failure   Level
a - Magic Dart            Conj           76%        1d6       2%          1

Your spell library contained the following spells:

 Spells                   Type           Power      Damage    Failure   Level
 Searing Ray              Conj           38%        2d5       4%          2
 Dazzling Flash           Conj/Hex       20%        N/A       19%         3
 Fulminant Prism          Conj/Hex       5%         3d7       54%         4
 Iskenderun's Mystic Bla  Conj/Tloc      10%        2d4       54%         4


Dungeon Overview and Level Annotations

Branches:
Dungeon (1/15)

Shops:
D:1 (


Innate Abilities, Weirdness & Mutations

You have an increased reservoir of magic. (+10% MP)
You shall have no god before yourself.
Your divine heritage dramatically boosts your attributes as you level up.


Message History

You can't see any susceptible monsters within range! (Use Z to cast anyway.) Done exploring.
Casting: Magic Dart (safe; 2% risk of failure)
Confirm with . or Enter, or press ? or * to list all spells.
You can't see any susceptible monsters within range! (Use Z to cast anyway.) Done exploring.
Casting: Magic Dart (safe; 2% risk of failure)
Confirm with . or Enter, or press ? or * to list all spells.
You can't see any susceptible monsters within range! (Use Z to cast anyway.) Search for what [? for help]?
D
As you read the scroll labelled CUDADW LULLOP, it crumbles to dust.
It is a scroll of identify.
f - a scroll of enchant weapon
As you read the scroll labelled GUZIRE NUQOQY, it crumbles to dust.
You feel momentarily disoriented.
It was a scroll of magic mapping.
As you read the scroll labelled GOAMUE BEGOLU, it crumbles to dust.
The scroll dissolves into smoke.
It was a scroll of fog.
As you read the scroll labelled MOGIER GAV MEH, it crumbles to dust.
You feel strangely unstable.
It was a scroll of teleportation.
As you read the scroll labelled KUANIJ XEOSM, it crumbles to dust.
You assume a fearsome visage.
Nothing appears to happen.
It was a scroll of fear.
As you read the scroll labelled AWEACWEOBB, it crumbles to dust.
It is a scroll of enchant armour.
Your +0 robe glows green for a moment.
Your surroundings suddenly seem different.
The air fills with toxic fumes!
As you read the scroll labelled UFUYKK ZYAMUFETIRGH, it crumbles to dust.
It was a scroll of poison.
As you read the scroll labelled KYIXTAN GYCYMN, it crumbles to dust.
You hear a loud clanging noise!
It was a scroll of noise.
You start waiting.
Done waiting.
Things that are here:
a +0 short sword; 2 stones You see here a +0 leather armour.
There is a staircase leading out of the dungeon here.
Are you sure you want to leave the Dungeon?
This will make you lose the game!
You have escaped!

#..##.##...............#.#.......
...##.##.##......................
#..##.##.##..#.....#............[
#..##.##.##..##...##...........#.
#............###.###.....#.##.(#.
##.####...#### #.# ####..).......
...........## ##.## ##...#..##.#.
.......#....###.#.###....#..##.##
.......#.......#@#.......#..##.#
######.#....###.#.###....#..##.##
# #.#...## ##.## ##...........
######.#..#### #.# ####.....#####
#..........(.###.###....#..#####
#.######.....##...##...........##
..#######....#.....#.............
...........#.............########
.............##..........#


There were no monsters in sight!

Vanquished Creatures
  A gnoll (D:1)
  2 dart slugs (D:1)
  A goblin (D:1)
  3 hobgoblins (D:1)
  2 ball pythons (D:1)
  3 bats (D:1)
  2 frilled lizards (D:1)
  4 kobolds (D:1)
  A rat (D:1)
19 creatures vanquished.

Notes
Turn   | Place    | Note
-------+----------+-------------------------------------------
     0 | D:1      | spardeous the Demigod Conjurer began the quest for the Orb.
     0 | D:1      | Reached XP level 1. HP: 14/14 MP: 5/5
   230 | D:1      | Found Vicou's Weapon Boutique.
   398 | D:1      | Reached XP level 2. HP: 19/20 MP: 0/7
   703 | D:1      | Reached skill level 4 in Conjurations
  1150 | D:$      | Got out of the dungeon alive.

Illustrated notes

Levels and vault maps discovered:
D:1:      roderic_crossed_star, layout_basic, serial_shops,
          nicolae_shop_behind_doors, corexii_leaking_fountain

Skill      XL: |  1  2 |
---------------+-------+-----
Spellcasting   | 2 |  2.4
Conjurations   | 4 |  4.1
Dodging        | |  1.7
Stealth        | |  1.7

Action                     || total
---------------------------++-------
  Melee: Unarmed           ||     1
   Cast: Magic Dart        ||    42
    Use: Scroll            ||     8
 Armour: Robe              ||     3
  Dodge: Dodged            ||     7
